 Dungeon Sprint DCSS version 0.26-a0-712-ga5a9c9c9d0 (webtiles) character file.

Game seed: 11668489941536790187

7867 mhtbhm the Severer (level 11, -2/162 HPs)
             Began as a Minotaur Fighter on Oct 31, 2020.
             Was the Champion of Trog.
             Slain by a catoblepas (6 damage)
             ... while petrified by you
             ... in the Dungeon (Sprint VII: "The Pits").
             The game lasted 00:04:04 (2346 turns).

mhtbhm the Severer (Minotaur Fighter)               Turns: 2346, Time: 00:04:05

Health: -2/162     AC: 21    Str: 28    XL:     11   Next: 2%
Magic:  8/8        EV:  2    Int:  8    God:    Trog [******]
Gold:   0          SH:  0    Dex:  7    Spells: 10/10 levels left

rFire    . . .     SeeInvis .   a - +2 war axe (freeze)
rCold    . . .     Faith    .   c - +0 kite shield
rNeg     + + +     Spirit   .   b - +4 chain mail
rPois    ∞         Reflect  .   (helmet restricted)
rElec    .         Harm     .   q - +0 cloak
rCorr    .         Rampage  .   r - +0 pair of gloves
MR       .....     NoTele   +   (no boots)
Stlth    ..........             (no amulet)
HPRegen  0.37/turn              n - +3 ring of strength
MPRegen  0.11/turn              o - +3 ring of intelligence

@: berserking (expiring), petrified
A: retaliatory headbutt, horns 2, blink, clumsy 1, low mp 1
a: Blink, Berserk, Trog's Hand, Brothers in Arms, Renounce Religion


You were in the Dungeon.
You worshipped Trog.
Trog was exalted by your worship.
You visited 1 branch

Inventory:

Hand Weapons
 a - a +2 war axe of freezing (weapon)
Armour
 b - a +4 chain mail (worn)
 c - a +0 kite shield (worn)
 q - a +0 cloak (worn)
 r - a +0 pair of gloves (worn)
Jewellery
 n - a +3 ring of strength (left hand)
 o - a +3 ring of intelligence (right hand)
Scrolls
 j - a scroll of blinking
 l - 3 scrolls of remove curse
 m - a scroll of summoning
Potions
 d - a potion of might
 e - 7 potions of curing
 f - 10 potions of heal wounds
 g - a potion of haste
 h - 4 potions of magic
 i - 4 potions of berserk rage
 k - 2 potions of invisibility
 p - a potion of stabbing


   Skills:
 + Level 13.7 Fighting
 + Level 16.6 Axes
 + Level 15.6 Armour
 + Level 5.3 Dodging
 + Level 1.6 Stealth
 + Level 15.5 Shields


You had 10 spell levels left.
You didn't know any spells.
Your spell library was empty.

Dungeon Overview and Level Annotations

Branches:
Dungeon (1/1)

Altars:
Cheibriados
Dithmenos
Elyvilon
Fedhas
Gozag
Hepliaklqana
Makhleb
Nemelex Xobeh
Okawaru
Qazlal
Ru
Sif Muna
Trog
Vehumet
Wu Jian
Xom
Yredelemnul
Zin
The Shining One
Beogh
Jiyva
Lugonu


Innate Abilities, Weirdness & Mutations

You reflexively headbutt those who attack you in melee.
You have a pair of horns on your head.
You can translocate small distances at will.
You are clumsy. (Dex -2)
Your magical capacity is low. (-10% MP)


Message History

You are slowing down.
You slice the catoblepas!! You freeze the catoblepas.
You headbutt the catoblepas!
The catoblepas is almost dead.
You are engulfed in calcifying dust.
Your limbs have turned to stone.
The catoblepas gores you.
You have turned to stone.
The catoblepas gores you!
* * * LOW HITPOINT WARNING * * *
The catoblepas gores you but does no damage.
The catoblepas breathes a plume of calcifying dust at you.
The blast of calcifying dust hits you but does no damage.
You are engulfed in calcifying dust.
The catoblepas gores you!
* * * LOW HITPOINT WARNING * * *
You are engulfed in calcifying dust.
The catoblepas breathes a plume of calcifying dust at you.
The blast of calcifying dust hits you but does no damage.
You are engulfed in calcifying dust.
The catoblepas gores you!!
* * * LOW HITPOINT WARNING * * *
You are engulfed in calcifying dust.
The catoblepas gores you!
You die...

.<...##...##.+)).+
.....##..##..##)##
.....##..#..##.).## .
.....##..#..#.....# ..
#######..'..÷.....+ '.
#######..#..#.....# .#
#...[##..#..##...##..+
#..[.##.†##..##†##..#
'..))##...##.+§§@Y{#
#!.))##....###..†###
#.!))##......#...+
##################


You could see a catoblepas.

Vanquished Creatures
  A flayed ghost (D)
  A swamp dragon (D)
  Pikel (D)
  3 deep elf magi (D)
  A phantasmal warrior (D)
  An elephant (D)
  A gargoyle (D)
  A rime drake (D)
  2 demonic crawlers (D)
  An efreet (D)
  A red devil (D)
  A tyrant leech (D)
  A polar bear (D)
  2 redbacks (D)
  A shadow (D)
  A tarantella (D)
  2 vampires (D)
  A steam dragon (D)
  A neqoxec (D)
  4 vampire mosquitoes (D)
  A floating eye (D)
  A water moccasin (D)
  2 black bears (D)
  An ogre (D)
  A lemure (D)
  A gnoll sergeant (D)
  5 wights (D)
  3 quasits (D)
  An orc wizard (D)
  2 mummies (D)
  4 gnolls (D)
  2 ufetubi (D)
  An adder skeleton (D)
  5 orcs (D)
  3 giant cockroaches (D)
  A hobgoblin (D)
  3 jackals (D)
  A frilled lizard (D)
  A kobold (D)
67 creatures vanquished.

Notes
Turn   | Place    | Note
-------+----------+-------------------------------------------
     0 | D        | mhtbhm the Minotaur Fighter began the quest for the Orb.
     0 | D        | Reached XP level 1. HP: 19/19 MP: 0/0
     8 | D        | Noticed a floating eye
    13 | D        | Killed a floating eye
    13 | D        | Reached skill level 4 in Axes
    13 | D        | Reached XP level 2. HP: 31/31 MP: 1/1
    13 | D        | Reached XP level 3. HP: 38/38 MP: 2/2
    13 | D        | Reached XP level 4. HP: 45/45 MP: 3/3
    18 | D        | Found a bloodstained altar of Trog.
    18 | D        | Found a shimmering blue altar of Sif Muna.
    18 | D        | Found a viscous altar of Jiyva.
    18 | D        | Found a hazy altar of Hepliaklqana.
    18 | D        | Found an opulent altar of Gozag.
    19 | D        | Found a glowing golden altar of the Shining One.
    19 | D        | Found a glowing silver altar of Zin.
    19 | D        | Found a basalt altar of Yredelemnul.
    19 | D        | Found a shimmering altar of Xom.
    19 | D        | Found an ornate altar of the Wu Jian Council.
    19 | D        | Found a sacrificial altar of Ru.
    19 | D        | Found a stormy altar of Qazlal.
    19 | D        | Found an iron altar of Okawaru.
    19 | D        | Found a sparkling altar of Nemelex Xobeh.
    19 | D        | Found a burning altar of Makhleb.
    19 | D        | Found a blossoming altar of Fedhas.
    19 | D        | Found a white marble altar of Elyvilon.
    19 | D        | Found a shadowy altar of Dithmenos.
    19 | D        | Found a snail-covered altar of Cheibriados.
    21 | D        | Found a radiant altar of Vehumet.
    21 | D        | Found a corrupted altar of Lugonu.
    21 | D        | Found a roughly hewn altar of Beogh.
    23 | D        | Became a worshipper of Trog the Wrathful
    62 | D        | Reached * piety under Trog
    78 | D        | Reached ** piety under Trog
    91 | D        | Reached skill level 5 in Axes
    91 | D        | Reached XP level 5. HP: 52/52 MP: 4/4
    96 | D        | Reached *** piety under Trog
    96 | D        | Reached skill level 1 in Dodging
    98 | D        | Reached skill level 6 in Axes
   103 | D        | Reached skill level 7 in Axes
   103 | D        | Reached XP level 6. HP: 52/62 MP: 5/5
   103 | D        | Reached **** piety under Trog
   174 | D        | Noticed Pikel
   183 | D        | Killed Pikel
   183 | D        | Reached skill level 10 in Axes
   183 | D        | Reached skill level 10 in Armour
   183 | D        | Reached skill level 10 in Shields
   183 | D        | Reached XP level 7. HP: 71/71 MP: 6/6
   189 | D        | Reached skill level 11 in Axes
   192 | D        | Reached skill level 10 in Fighting
   192 | D        | Reached XP level 8. HP: 79/79 MP: 7/7
   195 | D        | Reached ***** piety under Trog
   366 | D        | Noticed a deep elf mage
   375 | D        | Noticed a demonic crawler
   379 | D        | Noticed a demonic crawler
   384 | D        | Reached skill level 12 in Axes
   385 | D        | Killed a deep elf mage
   385 | D        | Reached skill level 13 in Axes
   391 | D        | Received a gift from Trog
   595 | D        | Noticed a rime drake
   606 | D        | Killed a rime drake
   606 | D        | Reached ****** piety under Trog
   606 | D        | Reached XP level 9. HP: 86/86 MP: 8/8
   672 | D        | Gained mutation: You are clumsy. (Dex -2) [potion of
                  | mutation]
   672 | D        | Gained mutation: You can translocate small distances at
                  | will. [potion of mutation]
   783 | D        | Noticed a polar bear
   783 | D        | Noticed an efreet
   788 | D        | Killed a polar bear
   788 | D        | Received a gift from Trog
   788 | D        | Reached skill level 14 in Axes
   792 | D        | Killed an efreet
   843 | D        | Noticed a red devil
   845 | D        | Noticed a demonic crawler
   850 | D        | Gained mutation: Your magical capacity is low. (-10% MP) [a
                  | neqoxec]
   858 | D        | Killed a demonic crawler
   861 | D        | Killed a red devil
   977 | D        | Received a gift from Trog
  1169 | D        | Noticed a deep elf mage
  1179 | D        | Killed a deep elf mage
  1179 | D        | Reached skill level 15 in Axes
  1180 | D        | Received a gift from Trog
  1180 | D        | Reached XP level 10. HP: 85/97 MP: 8/8
  1235 | D        | Noticed a gargoyle
  1238 | D        | Killed a gargoyle
  1361 | D        | Noticed a deep elf mage
  1369 | D        | Killed a deep elf mage
  1541 | D        | Reached skill level 1 in Stealth
  1734 | D        | Noticed a phantasmal warrior
  1734 | D        | Noticed a flayed ghost
  1747 | D        | Killed a flayed ghost
  1747 | D        | Reached skill level 5 in Dodging
  1748 | D        | Killed a phantasmal warrior
  1748 | D        | Reached skill level 16 in Axes
  1748 | D        | Reached skill level 15 in Armour
  1972 | D        | Noticed an elephant
  1980 | D        | Killed an elephant
  1980 | D        | Reached skill level 15 in Shields
  1991 | D        | Received a gift from Trog
  2275 | D        | Noticed a swamp dragon
  2285 | D        | Killed a swamp dragon
  2293 | D        | Noticed a catoblepas
  2298 | D        | Received a gift from Trog
  2314 | D        | Reached XP level 11. HP: 72/108 MP: 8/8
  2345 | D        | HP: 4/162 [catoblepas (9)]
  2346 | D        | Slain by a catoblepas

Illustrated notes

Levels and vault maps discovered:
D:        pitsprint [storerooms_1, entrance_room_1, metal_vault_6, armoury_2,
          mini_pit_1, grid_room_1, main_hall_1, silver_pit, the_coven_3,
          the_vestibule_1, steel_vault_3, golden_pit, hallway_of_sentries,
          crystal_vault_4, iron_vault_4, final_vault]

Skill      XL: |  1  2  3  4  5  6  7  8  9 10 |
---------------+-------------------------------+-----
Fighting       | 6 7 8 9 10 11 13 | 13.7
Axes           | 4 5 7 10 11 13 15 16 | 16.6
Armour         | 7 8 10 11 13 15 | 15.6
Shields        | 6 7 8 10 11 12 13 15 | 15.5
Dodging        | 1 3 4 5 |  5.3
Stealth        | 1 |  1.6

Action                   |  1- 3 |  4- 6 |  7- 9 | 10-12 || total
-------------------------+-------+-------+-------+-------++-------
Melee: War axe           |     4 |    31 |    32 |   100 ||   167
       Headbutt          |       |     4 |    17 |    19 ||    40
       Hand axe          |       |     8 |    54 |       ||    62
Invok: Berserk           |       |     2 |     3 |     3 ||     8
  Use: Potion            |       |       |     2 |       ||     2
 Stab: Petrified         |       |       |       |     4 ||     4
Armor: Scale mail        |       |     8 |       |       ||     8
       Chain mail        |       |     2 |    42 |    89 ||   133
Dodge: Dodged            |       |    19 |    32 |    37 ||    88
Block: Kite shield       |       |    27 |    48 |    50 ||   125

Table legend: (Time is in decaauts)
 A = Elapsed time spent in this place.
 B = Non-inter-level travel time spent in this place.
 C = Inter-level travel time spent in this place.
 D = Time resting spent in this place.
 E = Time spent auto-exploring this place.
 F = Levels seen in this place.
 G = Mean time per level.
                   A        B        C        D        E       F      G
               +--------+--------+--------+--------+--------+-----+--------+
         Total |   2360 |   2360 |      0 |   1576 |     36 |   1 | 2360.0 |
       Dungeon |   2360 |   2360 |      0 |   1576 |     36 |   1 | 2360.0 |
               +--------+--------+--------+--------+--------+-----+--------+

Top non-repeatable levels by time:
       D: 2360 daAuts
